 Dungeon Crawl Stone Soup version 0.28-a0-425-gd0eccab798 (webtiles) character file.

Game seed: 8823646279712874798

665 Shayle the Insei (level 7, 0/79 HPs)
             Began as a Djinni Warper on Sept 10, 2021.
             Was a Follower of Makhleb.
             Slain by an iguana (7 damage)
             ... on level 4 of the Dungeon.
             The game lasted 00:18:37 (5627 turns).

Shayle the Insei (Djinni Warper)                    Turns: 5627, Time: 00:18:41

Health: 0/79       AC:  9    Str: 10    XL:     7   Next: 88%
Gold:   107        EV: 11    Int: 16    God:    Makhleb [*.....] SH:  0 Dex: 13

rFire   + + +      SeeInvis .     - Unarmed
rCold   x . .      Faith    .   (no shield)
rNeg    . . .      Spirit   .   a - +0 leather armour
rPois   ∞          Reflect  .   (no helmet)
rElec   .          Harm     .   j - +2 cloak
rCorr   .          Rampage  .   i - +2 pair of gloves
Will    .....                   (boots unavailable)
Stlth   ..........              (no amulet)
HPRegen 0.23/turn               l - ring of protection from fire
MPRegen 0.00/turn               (no ring)

@: berserking, flying, very quick
A: sickness immunity, fire resistance 2, cold vulnerability 1, float, innate
caster, hp casting, extra vitality 1
a: Renounce Religion


You were on level 4 of the Dungeon.
You worshipped Makhleb.
Makhleb was aware of your devotion.
You visited 2 branches of the dungeon, and saw 8 of its levels.

You collected 107 gold pieces.

Inventory:

Missiles
 f - 4 boomerangs (quivered)
Armour
 a - a +0 leather armour (worn)
 i - a +2 pair of gloves (worn)
 j - a +2 cloak (worn)
Jewellery
 l - a ring of protection from fire (left hand)
Scrolls
 b - 2 scrolls of enchant armour {unknown}
 d - 2 scrolls of amnesia {unknown}
 g - a scroll of noise
 m - a scroll of enchant weapon
Potions
 c - a potion of berserk rage
 e - a potion of attraction
 h - a potion of haste {unknown}
 k - a potion of heal wounds {unknown}
 o - 2 potions of brilliance {unknown}


   Skills:
 + Level 4.3 Fighting
 - Level 0.7 Throwing
 - Level 1.0 Armour
 - Level 2.1 Dodging
 * Level 6.0 Unarmed Combat
 + Level 3.8 Spellcasting


You couldn't memorise any spells.
You knew the following spells:

 Your Spells              Type           Power      Damage    Failure   Level
a - Blink                 Tloc           N/A        N/A       7%          2
b - Lesser Beckoning      Tloc           15%        N/A       14%         3
c - Gell's Gravitas       Tloc           7%         N/A       14%         3
d - Teleport Other        Tloc           15%        N/A       14%         3
e - Manifold Assault      Tloc           15%        N/A       78%         5
f - Animate Skeleton      Necr           30%        N/A       4%          1
g - Slow                  Hex            15%        N/A       7%          2
h - Corpse Rot            Necr/Air       N/A        N/A       7%          2
Your spell library was empty.

Dungeon Overview and Level Annotations

Branches:
Dungeon (7/15)             Temple (1/1) D:4

Altars:
Ashenzari
Cheibriados
Dithmenos
Elyvilon
Fedhas
Hepliaklqana
Kikubaaqudgha
Makhleb
Nemelex Xobeh
Qazlal
Ru
Sif Muna
Trog
Uskayaw
Yredelemnul
The Shining One

Annotations:
D:3 Sigmund
D:4 1 runed translucent door, AttackTheMoon's ghost, novice TrHu


Innate Abilities, Weirdness & Mutations

You are immune to sickness and miasma.
You are immune to poison.
Your flesh is very heat resistant. (rF++)
You are vulnerable to cold. (rC-)
You float through the air rather than walking.
You learn spells naturally, not from books.
Your magical power is your life essence.
You have superior vitality. (+4 HP)


Message History

You hit the iguana.
The iguana is severely wounded.
The iguana closely misses you. The hound misses you.
You hit the iguana.
The iguana is almost dead.
The hound stops to sniff the ground.
The hound bites you. The iguana bites you.
You hit the iguana.
The iguana is almost dead.
The hound bites you. The iguana closely misses you.
The hound bites you but does no damage.
You barely miss the iguana.
The iguana is almost dead.
The iguana bites you. The hound closely misses you.
You closely miss the iguana.
The iguana is almost dead.
The hound closely misses you. The iguana bites you!
* * * LOW HITPOINT WARNING * * *
You hit the iguana but do no damage.
The iguana is almost dead.
The hound closely misses you.
The iguana bites you but does no damage.
The hound bites you.
* * * LOW HITPOINT WARNING * * *
You closely miss the iguana.
The iguana is almost dead.
The hound closely misses you. The iguana completely misses you.
You closely miss the iguana.
The iguana is almost dead.
The hound bites you.
* * * LOW HITPOINT WARNING * * *
The iguana closely misses you.
It was a potion of berserk rage.
A red film seems to cover your vision as you go berserk!
You feel yourself moving faster!
You feel mighty! The hound bites you.
* * * LOW HITPOINT WARNING * * *
The hound bites you.
* * * LOW HITPOINT WARNING * * *
The iguana bites you!
You die...

........#
#...#.......#...#
........#
#.#.).#.8.#...###
##....[.#
#.[.#.......###
........# ##..##.#.#.##
###....#######.###.....#
#....+.......# ##.#.##
#....#####.### #...#
############.##########
.......<...#...l@#
##########.#...h.#
#.......# #..)....#
##########.......#
...........#.#####
############.#
#.O.....).#.#
#.#######.#.#


You could see an iguana and a hound.

Vanquished Creatures
  An ogre (D:4)
  A necrophage (D:4)
  A kobold brigand (D:4)
  A bullfrog (D:6)
  2 scorpions
  2 vampire bats (D:3)
  A scorpion zombie (D:5)
  Ijyb (D:3)
  A gnoll (D:5)
  2 adders
  An adder skeleton (D:4)
  2 worms
  An orc (D:6)
  4 bats
  3 bat skeletons (D:3)
  2 bat zombies (D:3)
  9 endoplasms
  4 giant cockroaches
  7 goblins
  4 hobgoblins
  10 jackals
  3 quokkas
  9 ball pythons
  4 frilled lizards
  3 kobolds
  3 rats
82 creatures vanquished.

Notes
Turn   | Place    | Note
-------+----------+-------------------------------------------
     0 | D:1      | Shayle the Djinni Warper began the quest for the Orb.
     0 | D:1      | Reached XP level 1. HP: 18/18 MP: 0/0
   252 | D:1      | Reached XP level 2. HP: 21/23 MP: 0/0
   482 | D:1      | Found a faded altar of an unknown god.
  1001 | D:1      | Reached XP level 3. HP: 26/29 MP: 0/0
  1001 | D:1      | Learned a level 1 spell: Animate Skeleton
  1630 | D:2      | Reached skill level 3 in Unarmed Combat
  2271 | D:3      | Noticed Sigmund
  2271 | D:3      | Noticed Ijyb
  2292 | D:3      | Found a stormy altar of Qazlal.
  2332 | D:3      | Killed Ijyb
  2333 | D:3      | Reached XP level 4. HP: 17/34 MP: 0/0
  2813 | D:4      | Noticed a scorpion
  2827 | D:4      | Killed a scorpion
  2828 | D:4      | Reached skill level 4 in Unarmed Combat
  2828 | D:4      | Reached XP level 5. HP: 11/40 MP: 0/0
  2828 | D:4      | Learned a level 2 spell: Slow
  3102 | D:4      | Noticed an ogre
  3114 | D:4      | Found a staircase to the Ecumenical Temple.
  3123 | Temple   | Entered the Ecumenical Temple
  3326 | Temple   | Became a worshipper of Makhleb the Destroyer
  3409 | D:4      | Noticed an ogre
  3807 | D:3      | Reached XP level 6. HP: 26/46 MP: 0/0
  4212 | D:4      | Found a runed translucent door.
  4445 | D:4      | Noticed AttackTheMoon's ghost (novice TrHu)
  4523 | D:4      | Killed an ogre
  4524 | D:4      | Reached skill level 5 in Unarmed Combat
  4524 | D:4      | Reached XP level 7. HP: 39/51 MP: 0/0
  4524 | D:4      | Learned a level 2 spell: Corpse Rot
  4707 | D:4      | Reached * piety under Makhleb
  5011 | D:5      | Entered Level 5 of the Dungeon
  5102 | D:5      | Noticed a water moccasin
  5518 | D:5      | Reached skill level 6 in Unarmed Combat
  5627 | D:4      | Slain by an iguana

Illustrated notes

Levels and vault maps discovered:
D:1:      dpeg_arrival_arbitrary_c, layout_loops_ring,
          dreamdust_ecumenical_altar_angels_and_demons
D:2:      layout_basic
D:3:      layout_rooms, nicolae_qazlal_general_emergency,
          kennysheep_vampire_church, uniq_ijyb, uniq_sigmund
D:4:      layout_basic, nicolae_sif_muna_condensation,
          minmay_temple_entry_sparse_star, ebering_ghost_sewer_d,
          serial_bayou_pond_e
D:5:      layout_cave_pools, ebering_ghost_inner_flame, serial_shops,
          nicolae_shop_overgrown_old_shop
D:6:      layout_layer_cave, mainiacjoe_overflow_swirl
D:7:      layout_rooms
Temple:   cyrus_circular_temple

Skill      XL: |  1  2  3  4  5  6  7 |
---------------+----------------------+-----
Unarmed Combat | 3 4 5 6 |  6.0
Fighting       | 3 4 |  4.3
Spellcasting   | 3 |  3.8
Throwing       | |  0.7
Armour         | |  1.0
Dodging        | |  2.1

Action                   |  1- 3 |  4- 6 |  7- 9 || total
-------------------------+-------+-------+-------++-------
Melee: Unarmed           |   182 |   215 |    72 ||   469
       Punch             |     6 |     2 |     3 ||    11
Throw: Boomerang         |       |     5 |       ||     5
       Dart              |       |     1 |     1 ||     2
 Cast: Lesser Beckoning  |     1 |       |       ||     1
       Teleport Other    |       |     4 |       ||     4
       Blink             |       |       |     1 ||     1
  Use: Potion            |       |     2 |     1 ||     3
       Scroll            |       |       |     5 ||     5
Armor: Leather armour    |    51 |   165 |    40 ||   256
Dodge: Dodged            |   104 |   228 |    67 ||   399

Table legend: (Time is in decaauts)
 A = Elapsed time spent in this place.
 B = Non-inter-level travel time spent in this place.
 C = Inter-level travel time spent in this place.
 D = Time resting spent in this place.
 E = Time spent auto-exploring this place.
 F = Levels seen in this place.
 G = Mean time per level.
                   A        B        C        D        E       F      G
               +--------+--------+--------+--------+--------+-----+--------+
         Total |   5600 |   5420 |    180 |    603 |   3447 |   8 |  700.0 |
       Dungeon |   5385 |   5216 |    169 |    603 |   3259 |   7 |  769.3 |
        Temple |    214 |    203 |     11 |      0 |    188 |   1 |  214.0 |
               +--------+--------+--------+--------+--------+-----+--------+

Top non-repeatable levels by time:
     D:4: 1492 daAuts
     D:2: 1196 daAuts
     D:1: 1112 daAuts
     D:3: 1064 daAuts
     D:6: 384 daAuts
  Temple: 214 daAuts
     D:5: 133 daAuts
     D:7: 1 daAuts
